 Dungeon Crawl Stone Soup version 0.27.1-33-g824d729ab1 (webtiles) character file.

Game seed: 13711940623249353504

81 ces the Magician (level 4, -7/31 HPs)
             Began as a Djinni Fire Elementalist on Nov 30, 2021.
             Mangled by a gnoll (12 damage)
             ... on level 3 of the Dungeon.
             The game lasted 00:06:28 (3603 turns).

ces the Magician (Djinni Fire Elementalist)         Turns: 3603, Time: 00:06:29

Health: -7/31      AC:  6    Str:  7    XL:     4   Next: 68%
Gold:   117        EV: 16    Int: 18    God:
                   SH:  0    Dex: 13

rFire    + + .     SeeInvis .   (no weapon)
rCold    x . .     Faith    .   (no shield)
rNeg     . . .     Spirit   .   b - +4 robe "Woguidod" {Harm Stlth+}
rPois    ∞         Reflect  .   (helmet currently unavailable)
rElec    .         Harm     +   (no cloak)
rCorr    .         Rampage  .   (no gloves)
Will     .....                  (boots unavailable)
Stlth    +++.......             (no amulet)
HPRegen  0.10/turn              j - +4 ring of evasion
MPRegen  0.00/turn              (no ring)

@: appendages (expiring), flying
A: horns 2, flying, sickness immunity, fire resistance 2, cold vulnerability 1,
float, innate caster, hp casting, extra vitality 1
a: End Transformation


You were on level 3 of the Dungeon.
You had temporarily grown beastly horns.
You visited 1 branch of the dungeon, and saw 3 of its levels.

You collected 117 gold pieces.

Inventory:

Armour
 a - a +0 robe
 b - the +4 robe "Woguidod" (worn) {Harm Stlth+}
   (You acquired it on level 3 of the Dungeon)

   Harm:      It increases damage dealt and taken.
   Stlth:     It makes you more stealthy.
Jewellery
 j - a +4 ring of evasion (left hand)
Scrolls
 d - a scroll of identify {unknown}
 e - a scroll of teleportation {unknown}
 g - a scroll of amnesia {unknown}
Potions
 f - a potion of flight {unknown}
 h - a potion of degeneration {unknown}
 i - 2 potions of mutation {unknown}


   Skills:
 + Level 0.5 Fighting
 + Level 2.9 Dodging
 + Level 2.0 Stealth
 + Level 0.2 Unarmed Combat
 + Level 3.4 Spellcasting


You couldn't memorise any spells.
You knew the following spells:

 Your Spells              Type           Power      Damage    Failure   Level
a - Foxfire               Conj/Fire      60%        2x1d7     3%          1
b - Conjure Flame         Conj/Fire      15%        6-21      12%         3
c - Inner Flame           Hex/Fire       15%        N/A       12%         3
d - Sticky Flame          Conj/Fire      15%        2d4       36%         4
e - Fireball              Conj/Fire      7%         3d5       71%         5
f - Beastly Appendage     Tmut           30%        N/A       3%          1
Your spell library was empty.

Dungeon Overview and Level Annotations

Branches:
Dungeon (3/15)

Altars:

Shops:
D:1 *


Innate Abilities, Weirdness & Mutations

You have temporarily grown beastly horns.
You are flying.
You are immune to sickness and miasma.
You are immune to poison.
Your flesh is very heat resistant. (rF++)
You are vulnerable to cold. (rC-)
You float through the air rather than walking.
You learn spells naturally, not from books.
Your magical power is your life essence.
You have superior vitality. (+4 HP)


Message History

You conjure some foxfire!
The gnoll hits you from afar with a +0 halberd.
Your foxfire dissipates!
You are too injured to fight recklessly!
You are too injured to fight recklessly!
The gnoll hits you with a +0 halberd.
* * * LOW HITPOINT WARNING * * *
You hit the gnoll but do no damage. Your headbutt misses the gnoll.
The gnoll is heavily wounded.
The gnoll barely misses you.
You hit the gnoll but do no damage.
The gnoll is heavily wounded.
The gnoll completely misses you.
You hit the gnoll.
The gnoll is heavily wounded.
The gnoll barely misses you.
You hit the gnoll but do no damage.
The gnoll is heavily wounded.
The gnoll hits you with a +0 halberd.
* * * LOW HITPOINT WARNING * * *
You hit the gnoll but do no damage.
The gnoll is heavily wounded.
The gnoll hits you with a +0 halberd.
* * * LOW HITPOINT WARNING * * *
You barely miss the gnoll. Your headbutt misses the gnoll.
The gnoll is heavily wounded.
The gnoll barely misses you.
Found a stone staircase leading up.
The gnoll closely misses you.
You aren't carrying any items that you can evoke.
Casting: Foxfire (safe; 3% risk of failure)
Confirm with . or Enter, or press ? or * to list all spells.
The spell is quite dangerous to cast (12% risk of failure)!
Continue anyway? [Y]es or [N]o only, please.
The spell is quite dangerous to cast (12% risk of failure)!
Continue anyway?
The fire begins to smoulder!
* * * LOW HITPOINT WARNING * * *
Your transformation is almost over.
A hobgoblin comes into view.
The gnoll hits you from afar with a +0 halberd!
You die...

...# .#.# ...#
.### .#### ....#
###
###)#########.####
#.....)..g.#g.§#
###########.##@#
####.# #.. ##..
... g..# #.## ^#


You could see a gnoll and a hobgoblin (wandering).

Vanquished Creatures
  3 gnolls (D:3)
  An adder (D:2)
  2 dart slugs
  6 ball pythons
  5 endoplasms
  A giant cockroach (D:2)
  3 goblins (D:1)
  3 hobgoblins
  A quokka (D:2)
  3 bats
  2 frilled lizards (D:3)
  4 kobolds
  5 rats
39 creatures vanquished.

Vanquished Creatures (others)
  102 foxfires
102 creatures vanquished.

Grand Total: 141 creatures vanquished

Notes
Turn   | Place    | Note
-------+----------+-------------------------------------------
     0 | D:1      | ces the Djinni Fire Elementalist began the quest for the
                  | Orb.
     0 | D:1      | Reached XP level 1. HP: 15/15 MP: 0/0
   358 | D:1      | Reached XP level 2. HP: 20/21 MP: 0/0
   899 | D:1      | Found Lunnal's Assorted Antiques.
   910 | D:1      | Reached XP level 3. HP: 23/25 MP: 0/0
   910 | D:1      | Learned a level 1 spell: Beastly Appendage
  1197 | D:2      | Reached skill level 3 in Spellcasting
  3171 | D:2      | Reached XP level 4. HP: 29/31 MP: 0/0
  3354 | D:3      | Identified a scroll of acquirement
  3354 | D:3      | Acquired the +4 robe "Woguidod" {Harm Stlth+}
  3603 | D:3      | Mangled by a gnoll

Illustrated notes

Levels and vault maps discovered:
D:1:      nagdon_arrival_double_spiral, layout_basic, serial_shops, shop
D:2:      layout_basic
D:3:      layout_loops_ring, basic_ecumenical_altar, minmay_quantized,
          uniq_natasha

Skill      XL: |  1  2  3  4 |
---------------+-------------+-----
Spellcasting   | 3 |  3.4
Stealth        | 2 |  2.0
Fighting       | |  0.5
Dodging        | |  2.9
Unarmed Combat | |  0.2

Action                   |  1- 3 |  4- 6 || total
-------------------------+-------+-------++-------
Melee: Unarmed           |     9 |     7 ||    16
 Cast: Foxfire           |    61 |    18 ||    79
       Conjure Flame     |       |     1 ||     1
       Beastly Appendage |       |     1 ||     1
  Use: Scroll            |       |     2 ||     2
Armor: Robe              |     5 |     5 ||    10
Dodge: Dodged            |    33 |    25 ||    58
